[Event "1000GM Summer GM-I 2024"]
[Site "San Jose"]
[Date "2024.07.06"]
[Round "6.1"]
[White "Sivakumar, Shaashwath"]
[Black "Gumularz, Szymon"]
[Result "1/2-1/2"]
[ECO "A16"]
[WhiteElo "2288"]
[BlackElo "2587"]
[Annotator "TA"]
[PlyCount "74"]
[EventDate "2024.07.03"]
[EventType "tourn"]
[EventCountry "USA"]
[SourceTitle "playchess.com"]
[Source "ChessBase"]
[SourceQuality "1"]
[TimeControl "5400+30"]

1. d4 g6 2. c4 Bg7 3. g3 Nf6 4. Bg2 O-O 5. Nf3 d6 6. O-O Bd7 7. Nc3 Re8 8. Bf4 Qc8 9. Re1 Bh3 {[%emt 0:00:49] The position is equal.} 10. Bh1 Nh5 {[%emt 0:02:11] White must now prevent ...Nxf4.} 11. Be3 h6 12. Qd2 Kh7 13. d5 Nf6 14. c5 Nbd7 15. cxd6 $1 exd6 16. Rac1 a6 17. Red1 (17. Bd4 {is interesting.} Qd8 18. e4 Rc8 19. Bg2) 17... Qd8 18. Ne1 Qe7 19. Bd4 h5 20. Nf3 Bh6 21. Ng5+ Kg8 {[%emt 0:00:05] [#] Threatens to win with ...Nh7.} 22. f4 $1 Bf5 (22... Bxg5 $142 23. fxg5 Nh7) 23. e4 ({White should play} 23. g4 $16 Bxg4 (23... hxg4 $2 {is the wrong capture.} 24. e4 $18) 24. h3) 23... Bg4 $14 24. Rf1 {[%emt 0:06:01] aiming for h3.} Bxg5 25. fxg5 Nh7 26. h4 $36 {[%emt 0:00:19][%mdl 2048] White is more active.} Ne5 27. Nd1 Bxd1 28. Qxd1 f6 29. gxf6 Nxf6 30. Qb3 b6 31. Qc3 Ra7 {[%emt 0:00:00] [#]} (31... Nfg4 $16 {was called for.}) 32. Bxe5 $1 $18 dxe5 33. Qc6 (33. Qf3 $18 {and White stays clearly on top.} Nh7 34. Rc6) 33... Rf8 $16 34. Rf2 Kg7 35. Rcf1 {[%emt 0:00:09] White has more active pieces.} Qd6 36. Rc2 Qe7 37. Bg2 Rd8 {[%emt 0:00:00] Weighted Error Value: White=0.11 (very precise) /Black=0.17 (very precise) .  Mistake:       	White=2     	Black=2      Inaccurate:     	White=4     	Black=3      OK:         	White=10    	Black=8      Best:        	White=2     	Black=1      Strong:       	White=3     	---} 1/2-1/2

[Event "1000GM Summer GM-I 2024"]
[Site "San Jose"]
[Date "2024.07.06"]
[Round "6.2"]
[White "Grigoryan, Karen"]
[Black "Arenas, David"]
[Result "1-0"]
[ECO "D55"]
[WhiteElo "2573"]
[BlackElo "2357"]
[Annotator "TA"]
[PlyCount "71"]
[EventDate "2024.07.03"]
[EventType "tourn"]
[EventCountry "USA"]
[SourceTitle "playchess.com"]
[Source "ChessBase"]
[SourceQuality "1"]
[TimeControl "5400+30"]

1. d4 Nf6 2. c4 e6 3. Nc3 d5 4. Bg5 Be7 5. e3 h6 6. Bxf6 Bxf6 7. Nf3 O-O 8. Qc2 c6 9. h4 Nd7 10. g4 g6 {[%emt 0:00:08] [#]} (10... e5 $11) 11. g5 $1 $16 {[%emt 0:01:32][%mdl 512] White is better.} hxg5 (11... Bg7 12. gxh6) 12. hxg5 Bg7 13. O-O-O Qe7 14. Rh4 b5 15. cxd5 (15. cxb5 $6 c5 $16) 15... exd5 16. Bd3 {[%emt 0:01:12][%cal Od3g6] Threatens to win with Bxg6!} Qd6 17. Rdh1 Re8 18. e4 $1 b4 (18... c5 $16 {might work better.}) 19. e5 $18 Qe6 20. Ne2 {[%emt 0:00:51] Black must now prevent Nf4.} c5 21. Nf4 ({Inferior is} 21. dxc5 Nxe5 22. Nxe5 Qxe5 $11) 21... Qc6 {[%emt 0:00:06] [#]} 22. Bxg6 fxg6 23. Nxg6 {[%emt 0:00:05] Rf4 would kill now. Excellent horsemanship.} Bb7 {[%emt 0:03:50] [#] ...cxd4 is the strong threat.} 24. Rh8+ Bxh8 $16 25. Rxh8+ Kg7 {[%emt 0:00:12] [#]} 26. Rh7+ Kg8 27. Ne7+ Rxe7 28. Rxe7 $40 {[%emt 0:00:06][%mdl 128] White threatens Qh7+ and mate. White attacks with force.} cxd4 29. Qxc6 Bxc6 30. Nxd4 Rc8 {[%emt 0:00:45] [#]} 31. Kd2 $1 {[%emt 0:01:36] Strongly threatening Nxc6. White has more active pieces.} Nc5 32. g6 Bd7 {[%emt 0:22:26] [#] Prevents Nf5.} (32... Be8 $16) 33. e6 $1 $18 Bxe6 34. Nxe6 Nxe6 35. Rxe6 {[%emt 0:00:08] aiming for f4.} Kg7 (35... Rf8 $142 36. Ke2 Kg7) 36. f4 {[%emt 0:01:18] Weighted Error Value: White=0.20 (precise) /Black=0.34.  Mistake:       	White=2     	Black=5      OK:         	White=6     	Black=4      Best:        	White=4     	Black=6      Strong:       	White=2     	---        Brilliant:      	White=2     	---} 1-0

[Event "1000GM Summer GM-I 2024"]
[Site "San Jose"]
[Date "2024.07.06"]
[Round "6.3"]
[White "Shivakumar, Shawnak"]
[Black "Lu, Maximillian"]
[Result "1-0"]
[ECO "A50"]
[WhiteElo "2315"]
[BlackElo "2380"]
[Annotator "TA"]
[PlyCount "83"]
[EventDate "2024.07.03"]
[EventType "tourn"]
[EventCountry "USA"]
[SourceTitle "playchess.com"]
[Source "ChessBase"]
[SourceQuality "1"]
[TimeControl "5400+30"]

1. d4 Nf6 2. Nf3 g6 3. c4 Bg7 4. g3 b6 5. Bg2 Bb7 6. O-O O-O 7. d5 Na6 8. Nc3 Nc5 9. Re1 Nfe4 {[%emt 0:10:05] White is slightly better.} 10. Nxe4 Nxe4 11. Qc2 Nc5 12. e4 c6 13. Bf4 Rc8 (13... cxd5 $14 14. exd5 (14. cxd5 Qe8 $16) 14... e6) 14. Rad1 $16 {[%emt 0:10:35] White is more active.} b5 {[%emt 0:12:28] [#]} (14... cxd5 $16 15. exd5 (15. cxd5 Ne6 $11) 15... b5) 15. d6 $1 $18 {[%emt 0:03:32][%cal Bd5d6,Bd6e7][%mdl 32] Threatens to win with dxe7.} (15. b4 Na4 $16) 15... Bf6 {[%emt 0:12:15] Loses the game.} (15... e6 $16 {is a better defense.} 16. a3 f5) 16. e5 Bg7 {[%emt 0:00:29] Black is weak on the dark squares} 17. Bg5 Qa5 18. dxe7 Rfe8 19. a3 bxc4 20. Qxc4 {[%emt 0:01:01] [#] Strongly threatening b4.} Ne6 21. Bf6 (21. Rxd7 Nxg5 22. Nxg5 Qxe1+ $18) 21... c5 22. Ng5 (22. Rxd7 Bxf3 23. Rc1 Bxg2 24. Kxg2 Qb6 $11) 22... Bxg2 23. Nxe6 ({Don't do} 23. Kxg2 Nxg5 24. Bxg5 h6 $18) 23... dxe6 24. Kxg2 Qb6 25. Re2 h6 26. Red2 {[%emt 0:02:01] aiming for Rd8.} Qb7+ 27. Kg1 Rxe7 28. Bxe7 Qxe7 29. Rd7 Qg5 30. Qf4 Qxf4 (30... Rf8 31. Qxg5 (31. Rxa7 Bxe5 32. Qxg5 hxg5 $18) 31... hxg5) 31. gxf4 {[%emt 0:00:20][%mdl 4096] Endgame. Black must now prevent Rd8+. KRR-KRB} g5 32. Rd8+ Rxd8 33. Rxd8+ {[%emt 0:00:09] KR-KB} Kh7 34. Rc8 gxf4 35. Rxc5 Kg6 36. Ra5 Kf5 37. Rxa7 Bxe5 38. Rxf7+ Ke4 39. b4 Bd6 40. Rf6 Kd5 41. Rxh6 Be5 42. Rh5 {[%emt 0:00:09] Weighted Error Value: White=0.22 (precise) /Black=0.70.  Loses game:     	---       	Black=1      Mistake:       	---       	Black=3      Inaccurate:     	White=2     	Black=2      OK:         	White=14    	Black=6      Best:        	White=2     	Black=2      Strong:       	White=1     	---} 1-0

[Event "1000GM Summer GM-I 2024"]
[Site "San Jose"]
[Date "2024.07.06"]
[Round "6.4"]
[White "Levine, Joseph"]
[Black "Sripada, Havish"]
[Result "1-0"]
[ECO "B99"]
[WhiteElo "2364"]
[BlackElo "2290"]
[Annotator "TA"]
[PlyCount "89"]
[EventDate "2024.07.03"]
[EventType "tourn"]
[EventCountry "USA"]
[SourceTitle "playchess.com"]
[Source "ChessBase"]
[SourceQuality "1"]
[TimeControl "5400+30"]

1. e4 c5 2. Nf3 d6 3. d4 cxd4 4. Nxd4 Nf6 5. Nc3 a6 6. Bg5 e6 7. f4 Be7 8. Qf3 Qc7 9. O-O-O Nbd7 10. g4 h6 11. Bxf6 Bxf6 12. h4 {[%emt 0:00:06] White is more active.} Nb6 13. g5 (13. Be2 $5) 13... Bxd4 14. Rxd4 Qc5 {[%emt 0:00:09] White is slightly better.} 15. Rd2 Bd7 16. Be2 Na4 17. Rd3 Rc8 18. Bd1 {[%emt 0:00:08] [#] Hoping for Nxa4.} Nxc3 19. Rxc3 Qa5 20. gxh6 gxh6 21. Rxc8+ Bxc8 {[%emt 0:00:06] [#]} 22. e5 $1 dxe5 (22... Ke7 23. exd6+) 23. Rf1 Rf8 $1 24. a3 Qa4 (24... Qc7 $14) 25. Qc3 ({Better is} 25. fxe5 $16 {Threatens to win with Qf6.} Qxh4 26. Kb1) 25... Bd7 $14 26. Qxe5 (26. fxe5 Qc6 $16) 26... Qb5 27. Qe1 Kd8 28. Rg1 {[%emt 0:07:00] Dodges Rg8} Ke7 29. h5 Rc8 (29... Qc5 $14) 30. Qh4+ $16 Kd6 31. Qf6 Qf5 32. Qxh6 Rc4 $2 {[%emt 0:01:20][%mdl 8192] A mistake that costs the game.} (32... Bc6 $16) 33. Rh1 $2 (33. Qf8+ $18 {and White stays clearly on top.} Kc7 34. h6) 33... Qe4 (33... Qxf4+ $2 34. Qxf4+ Rxf4 35. h6 $18) (33... Rxf4 $2 34. Qf8+ Kc7 35. h6 $18) (33... Bc6 $16 34. Rf1 Be4) 34. Rh3 Qf5 (34... Qxf4+ 35. Qxf4+ Rxf4 36. h6 $18) 35. Rh2 {[%emt 0:03:44] Qf8+ is the strong threat.} Rxf4 $2 (35... Rc8 {is a better chance.} 36. Qg5 Qxg5 37. fxg5 Bc6) 36. Qg7 $18 {[%emt 0:04:08] Strongly threatening h6.} e5 37. h6 Rd4 38. Qg1 {[%emt 0:03:54] And now h7 would win.} (38. Qf8+ Kc6 39. b4 (39. Rh1 Qf4+ 40. Kb1 Bf5 $11) 39... Rxd1+ 40. Kxd1 Qf1+ 41. Kd2 Qf4+ 42. Ke1 Qc1+ 43. Ke2 (43. Kf2 Qd2+ 44. Kf3 Qc3+ 45. Ke2 Qxc2+ 46. Ke3 Qc1+ 47. Ke2 Qb2+ 48. Kf3 Qc3+ 49. Kg2 Qc2+ 50. Kh1 Qc1+ 51. Kg2 Qd2+ 52. Kg1 Qe1+ 53. Kg2 Qd2+ 54. Kh1 Qc1+ 55. Kg2 Qd2+ $11) 43... Qxc2+ 44. Ke3 Qc3+ 45. Ke2 (45. Kf2 Qc2+ 46. Kg1 Qd1+ 47. Kf2 Qd2+ 48. Kg1 Qc1+ 49. Kf2 Qb2+ 50. Kf3 Qc3+ 51. Ke2 Qc2+ 52. Kf3 Qf5+ 53. Ke2 Qc2+ $11) 45... Bg4+ 46. Kf2 Qf3+ 47. Kg1 Qd1+ 48. Kg2 Qd2+ 49. Kg1 Qd1+ 50. Kg2 Qd5+ 51. Kg3 Qf3+ 52. Kh4 Qf6+ 53. Kxg4 Qf4+ 54. Kh3 Qf3+ 55. Kh4 Qf4+ 56. Kh3 Qf3+ 57. Kh4 Qf4+ 58. Kh3 $11) 38... Be6 {[%emt 0:00:58] ( -> ...Qf4+)} 39. Be2 {[%emt 0:07:50] Black must now prevent h7.} (39. h7 $2 Qf4+ 40. Kb1 Qxh2 $19) 39... Qf4+ 40. Kb1 {[%emt 0:00:01] h7 would now be deadly.} Bf5 41. h7 Bxc2+ 42. Kxc2 {[%emt 0:01:39] White mates.} Rd2+ 43. Kb3 Qe4 44. Qb6+ ({Worse is} 44. h8=R Qc2+ 45. Kb4 Qxb2+ 46. Ka4 Qc2+ (46... Rd4+ 47. Qxd4+ Qxd4+ 48. Kb3 $14) 47. Kb4 (47. Ka5 Rd5+ 48. Kb6 Qc7+ 49. Ka7 b6+ 50. Ka8 Qc6+ 51. Ka7 Qc7+ 52. Ka8 Qc6+ 53. Kb8 Qc7+ 54. Ka8 $11) 47... Qb2+ 48. Ka4 Qc2+ (48... Rd4+ 49. Qxd4+ Qxd4+ 50. Kb3 $11) 49. Ka5 Rd5+ 50. Kb6 Qc7+ 51. Ka7 b6+ 52. Ka8 Qc6+ 53. Kb8 Qc7+ 54. Ka8 Qc6+ 55. Kb8 Qc7+ 56. Ka8 $11) 44... Ke7 45. Qb4+ {[%emt 0:00:09] Weighted Error Value: White=0.19 (very precise) /Black=0.51.  Loses game:     	---       	Black=1      Missed win:     	White=1     	---        Mistake:       	White=1     	Black=4      Inaccurate:     	---       	Black=4      OK:         	White=10    	Black=11     Best:        	White=4     	Black=4      Strong:       	---       	Black=1} 1-0

[Event "1000GM Summer GM-I 2024"]
[Site "San Jose"]
[Date "2024.07.06"]
[Round "6.5"]
[White "Sivakumar, Shaaketh"]
[Black "Martinez, Martin"]
[Result "0-1"]
[ECO "B31"]
[WhiteElo "2369"]
[BlackElo "2390"]
[Annotator "TA"]
[PlyCount "70"]
[EventDate "2024.07.03"]
[EventType "tourn"]
[EventCountry "USA"]
[SourceTitle "playchess.com"]
[Source "ChessBase"]
[SourceQuality "1"]
[TimeControl "5400+30"]

1. e4 c5 2. Nf3 Nc6 3. Bb5 g6 4. O-O Bg7 5. c3 e5 6. b4 cxb4 7. d4 exd4 $1 8. cxd4 (8. Bg5 Qb6 9. Bxc6 dxc6 10. cxd4 Nf6 $17) 8... Qb6 {[%emt 0:02:19] Black has an edge.} 9. Bc4 (9. Bxc6 $1 $11 dxc6 10. Nbd2) 9... Nge7 $15 10. e5 (10. Be3 $15) 10... O-O $17 11. Bf4 d5 12. exd6 Nf5 13. Nbd2 Nfxd4 14. Rc1 Bf5 15. Nb3 {[%emt 0:03:21] [#]} ({White should try} 15. Re1 $15) 15... Nxf3+ $1 16. Qxf3 Ne5 17. Qg3 Rfe8 (17... Qxd6 18. Rfd1 $15) 18. Rfd1 ({White should play} 18. Bd5) 18... Nxc4 19. Rxc4 {[%emt 0:00:09] [#]} Qa6 $1 20. Rc5 (20. Nd2 {was necessary.}) 20... Qe2 21. Rcc1 Bb2 {[%emt 0:05:00] A strong pair of Bishops. White is weak on the light squares} ({Don't play} 21... Qxa2 22. Bg5 (22. d7 $2 Red8 $19) 22... a5 23. h3 (23. d7 $2 Bxd7 24. Rxd7 a4 $19)) 22. h3 ({Don't blunder} 22. d7 $2 Bxc1 (22... Bxd7 $2 23. h4 $19) 23. dxe8=Q+ Rxe8 $19) (22. Rd2 $2 {gets mated.} Qe1+ 23. Rxe1 Rxe1#) 22... Bxc1 23. Rxc1 Rac8 24. Rc5 $2 (24. Ra1 {was worth a try.}) 24... Rxc5 $19 {[%emt 0:03:46] Black is clearly winning.} 25. Nxc5 b6 26. Nb3 Qxa2 27. Kh2 Qb2 28. Nd2 Qc3 29. Nf3 b3 {[%emt 0:00:31] And now ...b2 would win.} 30. Bd2 Qd3 {[%emt 0:00:20] Hoping for ...b2.} 31. Bc1 Qc2 32. Nd4 Qxc1 33. Nxf5 Re1 34. Qg4 Rh1+ 35. Kg3 Qc3+ {[%emt 0:00:35] Weighted Error Value: White=0.68/Black=0.08 (flawless) .  Mistake:       	White=6     	---        Inaccurate:     	White=1     	Black=2      OK:         	White=4     	Black=10     Best:        	White=2     	Black=3      Strong:       	---       	Black=1} 0-1